 Dungeon Crawl Stone Soup version 0.27.0-1-g7a089689b8 (webtiles) character file.

Game seed: 13288562033274758550

94706 robertstho the Eclecticist (level 16, -3/113 HPs)
             Began as a Djinni Fire Elementalist on Aug 11, 2021.
             Was an Initiate of Gozag.
             Slain by a boulder beetle (18 damage)
             ... on level 13 of the Dungeon.
             The game lasted 01:04:11 (38833 turns).

robertstho the Eclecticist (DjFE)                  Turns: 38833, Time: 01:04:11

Health: -3/113     AC: 24    Str:  9    XL:     16   Next: 61%
Gold:   3094       EV:  6    Int: 23    God:    Gozag SH:  9 Dex: 21

rFire    + + +     SeeInvis +   l - +9 demon trident "Bacson" {vamp, rF+ rN+ Dex+6 SInv}
rCold    x . .     Faith    .   T - +2 kite shield {AC+3}
rNeg     + + +     Spirit   .   U - +8 scale mail "Cebuemed" {rN++}
rPois    ∞         Reflect  .   H - +1 helmet
rElec    +         Harm     .   (no cloak)
rCorr    .         Rampage  .   n - +0 pair of gloves of Legaz {*Corrode Str+2 Slay+2}
Will     +....     Rnd*Rage +   (boots unavailable)
Stlth    ++........             G - amulet of the Air {Inacc Air Fly rElec RMsl}
HPRegen  0.28/turn              j - +4 ring of slaying
MPRegen  0.00/turn              C - +4 ring of protection

@: gold aura, flying, repel missiles
A: sickness immunity, fire resistance 2, cold vulnerability 1, float, innate
caster, hp casting, extra vitality 1, berserk 1
a: Renounce Religion, Potion Petition, Call Merchant, Bribe Branch


You were on level 13 of the Dungeon.
You worshipped Gozag.
Gozag was most pleased with you.
You visited 3 branches of the dungeon, and saw 21 of its levels.
You also visited: Gauntlet.

You collected 7424 gold pieces.
You spent 1836 gold pieces at shops.
You paid 2494 gold pieces to Gozag.

Inventory:

Hand Weapons
 f - the +7 dire flail of Living Resourcefulness {freeze, rN+ Int+3 Dex+6}
   (You bought it in a shop on level 3 of the Lair of Beasts)

   It freezes those it strikes, dealing additional cold damage.
   It can also slow down cold-blooded creatures.
   Int:       It affects your intelligence (+3).
   Dex:       It affects your dexterity (+6).
   rN:        It protects you from negative energy.
 g - a +5 quick blade of venom
 l - the +9 demon trident "Bacson" (weapon) {vamp, rF+ rN+ Dex+6 SInv}
   (You took it off a minotaur in a Gauntlet)

   It occasionally heals its wielder for a portion of the damage dealt when it
   wounds a living foe.
   Dex:       It affects your dexterity (+6).
   rF:        It protects you from fire.
   rN:        It protects you from negative energy.
   SInv:      It lets you see invisible.
Missiles
 K - 11 silver javelins
Armour
 n - the +0 pair of gloves of Legaz (worn) {*Corrode Str+2 Slay+2}
   (You found it on level 1 of the Lair of Beasts)

   Str:       It affects your strength (+2).
   Slay:      It affects your accuracy & damage with ranged weapons and melee
   (+2).
   *Corrode:  It may corrode you when you take damage.
 F - the +0 helmet of Sunlight {rElec}
   (You bought it in a shop on level 10 of the Dungeon)

   rElec:     It insulates you from electricity.
 H - a +1 helmet (worn)
 T - a +2 kite shield of protection (worn)
 U - the +8 scale mail "Cebuemed" (worn) {rN++}
   (You took it off a minotaur in a Gauntlet)

   rN:        It greatly protects you from negative energy.
 W - quicksilver dragon scales
Jewellery
 b - a ring of ice
 j - a +4 ring of slaying (left hand)
 k - a +6 ring of strength
 m - a ring of wizardry
 q - a ring of protection from cold
 x - a ring of fire
 C - a +4 ring of protection (right hand)
 E - an amulet of regeneration
 G - the amulet of the Air (around neck) {Inacc Air Fly rElec RMsl}
   (You found it on level 6 of the Lair of Beasts)

   [amulet of nothing]

   It reduces the accuracy of all your attacks.
   It enhances your air magic.
   rElec:     It insulates you from electricity.
   Fly:       It grants you flight.
   RMsl:      It protects you from missiles.
 N - the ring "Akakkiusm" {EV+4 Int+6}
   (You found it on level 1 of the Lair of Beasts)

   [ring of evasion]

   EV:        It affects your evasion (+4).
   Int:       It affects your intelligence (+6).
 R - a +4 ring of protection
Wands
 o - a wand of mindburst (5)
 p - a wand of iceblast (24)
 s - a wand of digging (9)
 z - a wand of acid (5)
Scrolls
 a - a scroll of blinking
 d - 2 scrolls of holy word
 u - 3 scrolls of enchant weapon
 w - 4 scrolls of fog
 y - a scroll of torment
 B - 3 scrolls of teleportation
 I - a scroll of immolation
 J - 10 scrolls of identify
 L - 6 scrolls of fear
 M - 2 scrolls of enchant armour
 P - a scroll of silence
Potions
 e - a potion of brilliance
 i - a potion of curing
 r - a potion of berserk rage
 t - 4 potions of haste
 v - 2 potions of mutation
 O - 3 potions of resistance
 Q - a potion of cancellation
Miscellaneous
 A - a condenser vane (inert)
 D - a box of beasts
 S - a phantom mirror


   Skills:
 * Level 10.1 Fighting
 + Level 2.1 Short Blades
 + Level 0.2 Maces & Flails
 + Level 0.1 Armour
 + Level 3.6 Dodging
 + Level 4.8 Stealth
 * Level 18.7 Spellcasting
 + Level 0.2 Evocations


You had 12 spell levels left.
You knew the following spells:

 Your Spells              Type           Power      Damage    Failure   Level
a - Foxfire               Conj/Fire      100%       2x1d9     1%          1
b - Conjure Flame         Conj/Fire      82%        6-21      1%          3
c - Inner Flame           Hex/Fire       82%        N/A       1%          3
d - Sticky Flame          Conj/Fire      82%        2d9       1%          4
e - Fireball              Conj/Fire      41%        3d17      1%          5
f - Animate Skeleton      Necr           100%       N/A       1%          1
g - Call Imp              Summ           82%        N/A       1%          2
h - Ensorcelled Hibernat  Hex/Ice        100%       N/A       1%          2
i - Confusing Touch       Hex            82%        N/A       1%          3
j - Lee's Rapid Deconstr  Erth           41%        3d21*     1%          5
k - Metabolic Englaciati  Hex/Ice        41%        N/A       1%          5
l - Eringya's Noxious Bo  Tmut/Pois      41%        N/A       10%         6
Your spell library was empty.

Dungeon Overview and Level Annotations

Branches:
Dungeon (13/15)            Temple (0/1) D:7            Lair (6/6) D:10
  Swamp (0/4) Lair:4       Spider (0/4) Lair:3        Slime (0/5) Lair:6
    Orc (2/2) D:12            Elf (0/3) Orc:2       Gauntlet (visited)
 Vaults: D:13-14

Altars:
Dithmenos
Gozag
Kikubaaqudgha
Makhleb
Nemelex Xobeh
Okawaru
Qazlal
Ru
Vehumet
Xom
Yredelemnul
Zin
Beogh
Jiyva

Shops:
D:8 *   D:10 [   D:11 *   Orc:2 (*[=   Lair:3 *

Portals:
Abyss: Lair:4

Annotations:
D:6 Doni34's ghost, novice MiBe
Lair:4 2 transporters, exclusion: player ghost
Lair:6 1 runed translucent door
Orc:2 3 runed translucent doors, Mjolnir's ghost, journeyman DDNe


Innate Abilities, Weirdness & Mutations

You are immune to sickness and miasma.
You are immune to poison.
Your flesh is very heat resistant. (rF++)
You are vulnerable to cold. (rC-)
You float through the air rather than walking.
You learn spells naturally, not from books.
Your magical power is your life essence.
You have superior vitality. (+4 HP)
You tend to lose your temper in combat.


Message History

The boulder beetle is severely wounded.
The boulder beetle burns! x2; The boulder beetle stops burning.
The boulder beetle bites you!
* * * LOW HITPOINT WARNING * * *
Unknown command.
Casting: Sticky Flame (mildly dangerous; 1% risk of failure)
Confirm with . or Enter, or press ? or * to list all spells.
Aiming: Lee's Rapid Deconstruction (dangerous; 1% risk of failure)
Press: ? - help, Dir - move target, p - boulder beetle A stone wall.
The wall shatters!
The blast of rock fragments hits the boulder beetle but does no damage.
The boulder beetle is almost dead.
* * * LOW HITPOINT WARNING * * *
The boulder beetle bites you but does no damage.
Unknown command.
Items here: ! $ ) [.
Casting: Lee's Rapid Deconstruction (dangerous; 1% risk of failure)
Confirm with . or Enter, or press ? or * to list all spells.
Aiming: Fireball (dangerous; 1% risk of failure)
Press: ? - help, Shift-Dir - straight line, f - boulder beetle
Aim: a boulder beetle (almost dead, slow)
The fireball explodes!
The fireball engulfs the boulder beetle.
The boulder beetle is almost dead.
* * * LOW HITPOINT WARNING * * *
Unknown command.
Casting: Fireball (dangerous; 1% risk of failure)
Confirm with . or Enter, or press ? or * to list all spells.
Aiming: Sticky Flame (mildly dangerous; 1% risk of failure)
Press: ? - help, Shift-Dir - straight line, f/p - boulder beetle
Aim: a boulder beetle (almost dead, slow, 100% to hit)
The sticky flame hits the boulder beetle.
The boulder beetle is almost dead.
The boulder beetle is covered in liquid flames!
* * * LOW HITPOINT WARNING * * *
The boulder beetle is no longer moving slowly.
The boulder beetle burns!
The boulder beetle bites you!!
You die...
Your body crumbles into a pile of gold.

,#######.##(###.###.#.#..#*,**,,#
,........#.##.###.##...#*,,*,,*#.
,........#.#...#...#..$#*,,*,,*#.
......................#..#*,**,.#
.........#....||......#*.#*,**.##
e......#.#.##}..)[##$##**..*,.##.
.........##.#######.##*,,,..**#..
..........*#..#.#.$##*,,,,,#*...#
........#.,*#...@B##*,,***,,##..#
........*#,^###.###*,,**,*,,,##,#
..,####.**,,,...,,*,,**,,*,8,,*,#
..,,,,*,**,*####,**,**,,,*,,,**,*
.#***,*,**,,,,,*,*,**,,*,*,,**,,*
O#***,*,,<,,,,,+,***,,,*,,,**,*,*
,.,,,,******,,,*,**,,8,*,,**,$*,*
,***,,* *,,,*,***,,,*,**,,**,* ,*
*,,* *,,,*,*,**,,***,,**,,*


You could see a boulder beetle (burning).

Vanquished Creatures
  2 orc warlords (Orc:2)
  A cacodemon (Gauntlet)
  A very ugly thing (Lair:4)
  A minotaur (Gauntlet)
  A dire elephant (Lair:6)
  The ghost of Zaegoraum the Carver, a journeyman DsAK of Lugonu (Lair:4)
  8 hydras
  A rakshasa (Lair:4)
  Harold (D:11)
  2 boulder beetles
  An ogre mage (D:13)
  3 catoblepae
  3 two-headed ogres
  A centaur warrior (D:13)
  A deep troll shaman (Lair:6)
  11 death yaks
  4 orc high priests
  4 skeletal warriors (D:12)
  A fire crab (shapeshifter) (D:13)
  3 deep elf pyromancers
  2 orc knights (Orc:2)
  8 orc sorcerers
  4 ugly things
  An oklob plant (Lair:1)
  2 manticores
  26 elephants
  An elephant (shapeshifter) (D:13)
  4 cyclopes (D:13)
  4 black mambas
  A moth of wrath (shapeshifter) (Lair:4)
  A gargoyle (D:12)
  4 molten gargoyles (D:10)
  15 cane toads
  5 komodo dragons
  A yaktaur (D:13)
  2 rime drakes (Lair:5)
  An ancient zyme (Lair:4)
  A queen bee (Lair:5)
  4 trolls
  5 polar bears
  2 hornets
  8 meliai (Lair:5)
  11 slime creatures
  15 blink frogs
  Sigmund (D:2)
  7 wyverns
  4 shadows (Gauntlet)
  A large abomination (Lair:4)
  4 spriggans
  44 yaks
  Eustachio (D:6)
  A vampire (D:10)
  2 steam dragons (D:12)
  2 wraiths (D:12)
  3 basilisks
  9 vampire mosquitoes
  3 wargs (Orc:2)
  12 water moccasins
  6 black bears
  31 orc warriors
  A swamp drake (D:12)
  5 sky beasts
  7 ogres
  4 centaurs
  A centaur (shapeshifter) (D:13)
  9 wolves
  4 boggarts (Lair:4)
  A phantom (D:7)
  A kobold brigand (D:9)
  18 bullfrogs
  2 scorpions
  2 water moccasin skeletons (D:5)
  38 killer bees
  6 howler monkeys
  7 electric eels
  A bullfrog zombie (D:7)
  2 hounds
  3 jellies
  A bullfrog skeleton (D:6)
  A centaur skeleton (D:6)
  2 gnoll shamans
  11 orc priests
  15 orc wizards
  Terence (D:2)
  3 iguanas
  2 hound skeletons
  9 adders
  17 gnolls
  A howler monkey skeleton (D:5)
  A river rat (Lair:5)
  A worm (D:2)
  A dart slug (D:5)
  64 orcs
  9 ball pythons
  An endoplasm (D:3)
  3 giant cockroaches (D:1)
  3 goblins
  6 hobgoblins
  5 jackals
  6 kobolds
  3 quokkas
  3 bats
  2 frilled lizards
  6 rats
  9 bushes
608 creatures vanquished.

Vanquished Creatures (collateral kills)
  The ghost of JerBear56 the Fighter, a journeyman MiFi of Qazlal (Lair:1)
1 creature vanquished.

Vanquished Creatures (others)
  A troll (Orc:2)
  An orc warrior (Orc:2)
  A human (D:5)
  852 foxfires
  96 fungi
  115 plants
1066 creatures vanquished.

Grand Total: 1675 creatures vanquished

Notes
Turn   | Place    | Note
-------+----------+-------------------------------------------
     0 | D:1      | robertstho the Djinni Fire Elementalist began the quest for
                  | the Orb.
     0 | D:1      | Reached XP level 1. HP: 15/15 MP: 0/0
   606 | D:1      | Reached XP level 2. HP: 20/22 MP: 0/0
  1591 | D:2      | Reached skill level 3 in Spellcasting
  1697 | D:2      | Reached XP level 3. HP: 23/26 MP: 0/0
  1697 | D:2      | Learned a level 1 spell: Animate Skeleton
  1932 | D:2      | Reached XP level 4. HP: 17/31 MP: 0/0
  1935 | D:2      | Reached skill level 1 in Fighting
  2355 | D:2      | Noticed Terence
  2364 | D:2      | Killed Terence
  2516 | D:2      | Reached XP level 5. HP: 30/37 MP: 0/0
  2516 | D:2      | Learned a level 2 spell: Call Imp
  2848 | D:2      | Noticed Sigmund
  2856 | D:2      | Killed Sigmund
  2857 | D:2      | Reached skill level 4 in Spellcasting
  2857 | D:2      | Reached XP level 6. HP: 35/43 MP: 0/0
  3762 | D:3      | Found a faded altar of an unknown god.
  4066 | D:4      | Reached skill level 5 in Spellcasting
  4066 | D:4      | Reached XP level 7. HP: 46/49 MP: 0/0
  4066 | D:4      | Learned a level 2 spell: Ensorcelled Hibernation
  4147 | D:4      | Found an iron altar of Okawaru.
  4339 | D:4      | Found an opulent altar of Gozag.
  4459 | D:4      | Became a worshipper of Gozag Ym Sagoz the Greedy
  4840 | D:5      | Entered Level 5 of the Dungeon
  5109 | D:5      | Reached skill level 6 in Spellcasting
  5204 | D:5      | Reached XP level 8. HP: 51/55 MP: 0/0
  5339 | D:5      | Found a glowing silver altar of Zin.
  5749 | D:5      | Noticed a human
  5752 | D:5      | Killed a human
  5753 | D:5      | Noticed a wyvern
  5760 | D:5      | Killed a wyvern
  5761 | D:5      | Reached skill level 7 in Spellcasting
  5934 | D:5      | Identified a scroll of acquirement
  5934 | D:5      | Acquired a +4 quick blade
  6095 | D:6      | Noticed Eustachio
  6118 | D:6      | Killed Eustachio
  6385 | D:6      | Reached XP level 9. HP: 54/61 MP: 0/0
  6385 | D:6      | Learned a level 3 spell: Confusing Touch
  6586 | D:6      | Found a shimmering altar of Xom.
  6742 | D:6      | Found a runed translucent door.
  6745 | D:6      | Noticed Doni34's ghost (novice MiBe)
  7236 | D:7      | Found a staircase to the Ecumenical Temple.
  7334 | D:7      | Reached skill level 8 in Spellcasting
  8073 | D:7      | Found a shadowy altar of Dithmenos.
  8994 | D:8      | Found Ijewnama's Assorted Antiques.
  9003 | D:8      | Bought a copper ring for 145 gold pieces
  9003 | D:8      | Bought a glowing pink potion for 26 gold pieces
  9003 | D:8      | Bought a scroll of blinking for 217 gold pieces
  9003 | D:8      | Bought a pink potion for 26 gold pieces
  9003 | D:8      | Bought a scroll of identify for 58 gold pieces
  9003 | D:8      | Bought a scroll of identify for 58 gold pieces
  9003 | D:8      | Bought a scroll of identify for 58 gold pieces
  9020 | D:8      | Reached skill level 9 in Spellcasting
  9418 | D:8      | Reached XP level 10. HP: 40/68 MP: 0/0
  9421 | D:8      | Noticed a two-headed ogre
  9432 | D:8      | Killed a two-headed ogre
  9839 | D:8      | Noticed a two-headed ogre
  9852 | D:8      | Killed a two-headed ogre
  9853 | D:8      | Reached skill level 10 in Spellcasting
 10546 | D:9      | Identified the +1 hunting sling "Olemyl" {vorpal, rC+ MP+9}
 10581 | D:9      | Reached skill level 1 in Short Blades
 10832 | D:9      | Found a sparkling altar of Nemelex Xobeh.
 11024 | D:9      | Reached skill level 5 in Fighting
 11540 | D:10     | Entered Level 10 of the Dungeon
 11811 | D:10     | Reached XP level 11. HP: 62/76 MP: 0/0
 11811 | D:10     | Learned a level 5 spell: Lee's Rapid Deconstruction
 11812 | D:10     | Reached skill level 11 in Spellcasting
 11818 | D:10     | Identified the +2 dagger of Mutilation {venom, Fragile
                  | rPois rN+++ Dex-4}
 11942 | D:10     | Found a stormy altar of Qazlal.
 12001 | D:10     | Found a basalt altar of Yredelemnul.
 12899 | D:10     | Found a burning altar of Makhleb.
 12899 | D:10     | Noticed an Executioner
 13270 | D:10     | Found a sacrificial altar of Ru.
 13292 | D:10     | Found a staircase to the Lair.
 13449 | D:10     | Bought the +0 helmet of Sunlight {rElec} for 259 gold
                  | pieces
 13527 | D:11     | Noticed Harold
 13536 | D:11     | Killed Harold
 13880 | D:11     | Found Luaxtiekh's Demolitions Depot.
 13886 | D:11     | Bought a scroll of immolation for 49 gold pieces
 13887 | D:11     | Noticed a red ugly thing
 13907 | D:11     | Killed a cyan ugly thing
 13908 | D:11     | Reached skill level 12 in Spellcasting
 14319 | D:11     | Noticed a five-headed hydra
 14335 | D:11     | Killed a five-headed hydra
 14839 | D:12     | Noticed a deep elf pyromancer
 14841 | D:12     | Killed a deep elf pyromancer
 15125 | D:12     | Reached XP level 12. HP: 73/83 MP: 0/0
 16213 | D:12     | Found a staircase to the Orcish Mines.
 16428 | D:12     | Noticed a skeletal warrior
 16429 | D:12     | Noticed a skeletal warrior
 16431 | D:12     | Noticed a skeletal warrior
 16432 | D:12     | Killed a skeletal warrior
 16432 | D:12     | Noticed a skeletal warrior
 16433 | D:12     | Reached skill level 13 in Spellcasting
 16717 | D:12     | Noticed a two-headed ogre
 16721 | D:12     | Killed a two-headed ogre
 16833 | D:12     | Killed a skeletal warrior
 16847 | D:12     | Killed a skeletal warrior
 16903 | D:12     | Killed a skeletal warrior
 17811 | Lair:1   | Entered Level 1 of the Lair of Beasts
 17888 | Lair:1   | Reached XP level 13. HP: 31/90 MP: 0/0
 17888 | Lair:1   | Learned a level 5 spell: Metabolic Englaciation
 18202 | Lair:1   | Noticed a five-headed hydra
 18207 | Lair:1   | Killed a five-headed hydra
 18208 | Lair:1   | Reached skill level 14 in Spellcasting
 18429 | Lair:1   | Found a runed translucent door.
 18434 | Lair:1   | Noticed JerBear56's ghost (journeyman MiFi)
 18440 | Lair:1   | Identified the +9 spear "Kyl Siet" {vorpal, Str+7 Stlth+}
 18529 | Lair:1   | Identified the ring "Akakkiusm" {EV+4 Int+6}
 18959 | Lair:1   | Killed JerBear56's ghost
 19297 | Lair:1   | Identified the +0 pair of gloves of Legaz {*Corrode Str+2
                  | Slay+2}
 21475 | Lair:3   | Found a hole to the Spider Nest.
 21537 | Lair:3   | Reached skill level 15 in Spellcasting
 22522 | Lair:3   | Bought a jewelled dire flail for 198 gold pieces
 22522 | Lair:3   | Identified the +7 dire flail of Living Resourcefulness
                  | {freeze, rN+ Int+3 Dex+6} (You bought it in a shop on level
                  | 3 of the Lair of Beasts)
 22522 | Lair:3   | Bought 2 potions of heal wounds for 220 gold pieces
 22522 | Lair:3   | Bought a potion of curing for 66 gold pieces
 22675 | Lair:4   | Noticed a six-headed hydra
 22683 | Lair:4   | Killed a six-headed hydra
 22914 | Lair:4   | Noticed a seven-headed hydra
 22918 | Lair:4   | Killed a seven-headed hydra
 23066 | Lair:4   | Reached XP level 14. HP: 43/98 MP: 0/0
 24110 | Lair:4   | Found a transporter.
 24127 | Lair:4   | Noticed a red very ugly thing
 24139 | Lair:4   | Found a transporter.
 24145 | Lair:4   | Noticed Zaegoraum's ghost (journeyman DsAK)
 24147 | Lair:4   | Killed a red very ugly thing
 24315 | Lair:4   | Reached skill level 16 in Spellcasting
 24915 | Lair:4   | Found a one-way gate to the infinite horrors of the Abyss.
 25292 | Lair:4   | Killed Zaegoraum's ghost
 25622 | Lair:4   | Found a staircase to the Swamp.
 27658 | Lair:5   | Reached XP level 15. HP: 37/104 MP: 0/0
 27658 | Lair:5   | Learned a level 6 spell: Eringya's Noxious Bog
 28463 | Lair:5   | Reached skill level 17 in Spellcasting
 29831 | Lair:6   | Entered Level 6 of the Lair of Beasts
 31812 | Lair:6   | Found the amulet of the Air {Inacc Air Fly rElec RMsl}
 32648 | Lair:6   | Found a runed translucent door.
 32649 | Lair:6   | Found a viscous altar of Jiyva.
 32649 | Lair:6   | Found a staircase to the Slime Pits.
 33082 | Orc:1    | Entered Level 1 of the Orcish Mines
 33558 | Orc:2    | Entered Level 2 of the Orcish Mines
 33566 | Orc:2    | Reached skill level 18 in Spellcasting
 33905 | Orc:2    | Reached XP level 16. HP: 49/112 MP: 0/0
 34195 | Orc:2    | Found Tefuaf's General Store.
 34229 | Orc:2    | Found a runed translucent gate.
 34229 | Orc:2    | Found a runed translucent gate.
 34229 | Orc:2    | Found a runed translucent gate.
 34245 | Orc:2    | Bought a potion of heal wounds for 80 gold pieces
 34245 | Orc:2    | Bought a scroll of fear for 56 gold pieces
 34245 | Orc:2    | Bought 2 potions of resistance for 320 gold pieces
 34753 | Orc:2    | Found Zippof's Antique Weapon Boutique.
 34824 | Orc:2    | Gained mutation: You tend to lose your temper in combat. [a
                  | neqoxec]
 34874 | Orc:2    | Noticed Mjolnir's ghost (journeyman DDNe)
 35423 | Orc:2    | Found a staircase to the Elven Halls.
 35424 | Orc:2    | Found Poloum's Jewellery Shoppe.
 35553 | Orc:2    | Found Culis's Antique Armour Shoppe.
 35895 | Orc:2    | Found an iron altar of Okawaru.
 36628 | D:13     | Found a gate leading to a gauntlet.
 36680 | Gauntlet | Entered a Gauntlet
 36680 | Gauntlet | Found a transporter.
 36680 | Gauntlet | Found a transporter.
 36877 | Gauntlet | Found a transporter.
 36878 | Gauntlet | Found a runed translucent door.
 36879 | Gauntlet | Found a runed translucent door.
 36890 | Gauntlet | Found a transporter.
 36908 | Gauntlet | Found a transporter.
 36908 | Gauntlet | Found a transporter.
 36908 | Gauntlet | Found a transporter.
 36911 | Gauntlet | Found a transporter.
 36911 | Gauntlet | Found a transporter.
 36926 | Gauntlet | Found a transporter.
 36942 | Gauntlet | Found a transporter.
 36952 | Gauntlet | Found a transporter.
 36967 | Gauntlet | Found a transporter.
 36987 | Gauntlet | Found a transporter.
 37390 | Gauntlet | Identified the +9 demon trident "Bacson" {vamp, rF+ rN+
                  | Dex+6 SInv}
 37390 | Gauntlet | Identified the +8 scale mail "Cebuemed" {rN++}
 37693 | Gauntlet | Identified the +7 morningstar "Loitidd" {pain, Dex+2}
 37786 | D:13     | Reached skill level 10 in Fighting
 37800 | D:13     | Identified the +1 robe "Myaczuto" {rElec Regen+ Str-2
                  | Int+10 Dex-2}
 38833 | D:13     | Slain by a boulder beetle

Illustrated notes

Levels and vault maps discovered:
D:1:      dpeg_arrival_arbitrary_b, layout_loops_corners
D:2:      kennysheep_big_flooded_room, layout_rooms, serial_corexii_hall,
          corexii_hall_statues_l, chequers_hall_statues_wall_a,
          corexii_hall_statues_x, corexii_hall_statues_deadend, uniq_sigmund,
          uniq_terence
D:3:      layout_loops_cross, ebering_ecumenical_altar_sacrificial,
          chequers_serial_rivers_micro_d, grunt_decor_one_mirror,
          minmay_misc_feat_diagonals
D:4:      layout_basic, grunt_gozag_breadcrumbs, okawaru_trees_1
D:5:      layout_gridville, zin_statuary, tgw_kikubaaqudgha,
          kennysheep_generic_room_13
D:6:      layout_loops_corners, amcnicky_altar_gilded,
          ebering_ghost_reflecting_pool, uniq_eustachio
D:7:      layout_loops_ring, mainiacjoe_overflow_alcove_1,
          minmay_temple_entry_junction
D:8:      layout_loops_corners, serial_shops, nicolae_square_shop,
          minmay_strange_pillars
D:9:      layout_basic, nemelex_altar_shiori
D:10:     layout_roguey, nicolae_ru_path_of_blood,
          nicolae_overflow_crystal_walls, mainiacjoe_overflow_paths,
          mainiacjoe_overflow_cross_hatched, makhleb_altar_promises_db,
          grunt_lair_entry_orc_guard_hut, minivault_8
D:11:     layout_rooms, nicolae_blasting_shop, uniq_harold
D:12:     layout_roguey, erik_orc_1, hangedman_misty_isle
D:13:     minmay_the_grid_octo_triangle [minmay_the_grid_octo_checkerflower,
          minmay_the_grid_octo_prize_ultimate_mussel_roller,
          minmay_the_grid_octo_77], layout_basic, gauntlet_entry_generic
Lair:1:   layout_long_grid, ebering_ghost_funeral_grove,
          minmay_lair_oklob_bushes
Lair:2:   layout_loops_ring, grunt_megastairs_3, serial_bayou_shore_b
Lair:3:   layout_cave_pods, dummy_spider_entry, beast_lair_carwin_8,
          grunt_megastairs_5
Lair:4:   layout_regular_city, minmay_swamp_entry_eels,
          gammafunk_ghost_abyssal_escape, st_stairs_10, kilobyte_rumbling_trees,
          serial_bayou_shore_b, grunt_megastairs_1
Lair:5:   regret_index_combs_of_tragedy, layout_cave_pods, serial_bayou,
          serial_bayou_shore_a, serial_bayou_pond_e, serial_bayou_lake_a,
          serial_bayou_crossing, serial_bayou_pond_d, serial_bayou_ford_a,
          lemuel_fruit_fields
Lair:6:   grunt_lair_end_beastmaster, layout_gridlike, slime_altar_2,
          eino_small_chamber_without_monster
Orc:1:    layout_caves, kennysheep_orc_chapel
Orc:2:    grunt_orc_gardens, layout_diamond_mine, grunt_orc_garden,
          grunt_orc_garden, grunt_orc_garden, grunt_orc_garden,
          gammafunk_ghost_fury_of_okawaru, basic_altar

Skill      XL: |  1  2  3  4  5  6  7  8  9 10 11 12 13 14 15 16 |
---------------+-------------------------------------------------+-----
Spellcasting   | 3 4 5 6 7 9 10 12 13 15 16 18 | 18.7
Fighting       | 1 2 3 4 5 6 7 8 9 10 | 10.1
Stealth        | 2 3 4 |  4.8
Short Blades   | 1 2 |  2.1
Dodging        | 3 |  3.6
Maces & Flails | |  0.2
Armour         | |  0.1
Evocations     | |  0.2

Action                   |  1- 3 |  4- 6 |  7- 9 | 10-12 | 13-15 | 16-18 || total
-------------------------+-------+-------+-------+-------+-------+-------++-------
Melee: Dagger            |       |     1 |       |       |       |       ||     1
       Quick blade       |       |       |    19 |    26 |     1 |       ||    46
       Dire flail        |       |       |       |       |     3 |       ||     3
       Demon trident     |       |       |       |       |       |     3 ||     3
 Cast: Foxfire           |    78 |   116 |   287 |    41 |       |     8 ||   530
       Sticky Flame      |       |     1 |    10 |    15 |    34 |    11 ||    71
       Call Imp          |       |       |    17 |       |       |       ||    17
       Fireball          |       |       |     1 |    70 |   313 |    77 ||   461
       Conjure Flame     |       |       |     1 |       |       |       ||     1
       Lee's Rapid Decon |       |       |       |    92 |   117 |    74 ||   283
       Confusing Touch   |       |       |       |     4 |     2 |       ||     6
       Ensorcelled Hiber |       |       |       |     2 |       |       ||     2
       Metabolic Englaci |       |       |       |       |    42 |    21 ||    63
       Eringya's Noxious |       |       |       |       |       |     1 ||     1
Invok: Call Merchant     |       |       |       |     1 |     1 |       ||     2
       Potion Petition   |       |       |       |       |     1 |     2 ||     3
Evoke: Wand              |       |       |     1 |     3 |     4 |     1 ||     9
       Condenser vane    |       |       |       |       |       |     1 ||     1
  Use: Scroll            |       |     3 |     9 |     4 |    12 |     7 ||    35
       Potion            |       |       |     2 |       |     1 |     7 ||    10
 Stab: Sleeping          |       |       |     2 |       |       |       ||     2
Armor: Robe              |       |       |    18 |    21 |    11 |     6 ||    56
       Skin              |       |       |       |     1 |       |       ||     1
       Scale mail        |       |       |       |       |       |    14 ||    14
Dodge: Dodged            |     8 |     3 |    25 |    34 |    31 |    11 ||   112
       Repelled          |       |       |       |       |       |     2 ||     2
Block: Kite shield       |       |       |       |       |       |     1 ||     1
